 Dungeon Crawl Stone Soup version 0.30-a0-711-gf4ac18a38d (webtiles) character file.

Game seed: 9137314316742156360

3171 wormed the Magician (level 9, -8/52 HPs)
             Began as a Deep Elf Fire Elementalist on Jan 23, 2023.
             Was a Follower of Vehumet.
             Killed by an exploding hog (38 damage)
             ... ignited by their inner flame
             ... on level 7 of the Dungeon.
             The game lasted 00:13:57 (8054 turns).

wormed the Magician (Deep Elf Fire Elementalist)    Turns: 8054, Time: 00:13:58

Health: -8/52      AC:  9    Str:  5    XL:     9   Next: 63%
Magic:  10/22      EV: 14    Int: 25    God:    Vehumet [*.....]
Gold:   327        SH:  0    Dex: 15    Spells: 4/22 levels left

rFire   . . .      SeeInvis .    w - +0 dagger (venom)
rCold   . . .      Faith    .    (no shield)
rNeg    + . .      Spirit   .    j - +0 leather armour
rPois   .          Reflect  .    h - +2 helmet
rElec   .          Harm     .    u - +0 cloak
rCorr   .          Rampage  .    m - +0 pair of gloves
Will    .....                    r - +0 pair of boots
Stlth   +++                      (no amulet)
HPRegen 0.28/turn                a - ring of positive energy
MPRegen 0.18/turn                (no ring)

@: no status effects
A: no striking features
a: Renounce Religion


You were on level 7 of the Dungeon.
You worshipped Vehumet.
Vehumet was aware of your devotion.
You visited 2 branches of the dungeon, and saw 8 of its levels.

You collected 1251 gold pieces.
You spent 924 gold pieces at shops.

Inventory:

Hand Weapons
 s - a +0 short sword
 w - a +0 dagger of venom (weapon)
Missiles
 e - a throwing net
Armour
 h - a +2 helmet (worn)
 j - a +0 leather armour (worn)
 m - a +0 pair of gloves (worn)
 r - a +0 pair of boots (worn)
 u - a +0 cloak (worn)
Jewellery
 a - a ring of positive energy (left hand)
Wands
 x - a wand of paralysis (1) (quivered)
 y - a wand of polymorph (8)
Scrolls
 i - 4 scrolls of teleportation {unknown}
 o - a scroll of magic mapping {unknown}
 t - a scroll of noise {unknown}
 z - a scroll of poison {unknown}
 B - 2 scrolls of identify
Potions
 b - 2 potions of magic
 c - 3 potions of mutation
 d - 2 potions of attraction
 f - 2 potions of cancellation
 g - 3 potions of heal wounds
 k - 2 potions of curing
 l - 2 potions of lignification
 n - 2 potions of might {unknown}
 p - a potion of flight {unknown}
 q - a potion of resistance {unknown}
 v - 2 potions of brilliance {unknown}
 A - a potion of ambrosia {unknown}


   Skills:
 + Level 4.0 Fighting
 + Level 6.6 Dodging
 + Level 7.2 Stealth
 + Level 7.4 Spellcasting
 + Level 5.6 Conjurations
 + Level 6.5 Fire Magic
 + Level 4.7 Air Magic


You had 4 spell levels left.
You knew the following spells:

 Your Spells              Type           Power      Damage    Failure   Level
a - Foxfire               Conj/Fire      100%       2x1d9     1%          1
b - Scorch                Fire           82%        2d9       1%          2
c - Inner Flame           Hex/Fire       25%        N/A       9%          3
d - Freezing Cloud        Conj/Ice/Air   13%        6-21      58%         5
e - Lightning Bolt        Conj/Air       17%        1d32      34%         5
k - Blink                 Tloc           18%        N/A       16%         2

Your spell library contained the following spells:

 Spells                   Type           Power      Damage    Failure   Level
 Shock                    Conj/Air       100%       1d9       1%          1
 Static Discharge         Conj/Air       70%        2-5/arc   1%          2
 Kindle Blastsparks       Fire/Tloc/Air  56%        2d14      7%          3
 Flame Wave               Conj/Fire      39%        2d11      9%          4
 Dazzling Flash           Conj/Hex       46%        N/A       10%         3
 Stone Arrow              Conj/Erth      46%        3d9       10%         3
 Sandblast                Erth           18%        2d7       11%         1
 Vhi's Electric Charge    Tloc/Air       42%        N/A       12%         3
 Ignite Poison            Fire/Tmut/Pois 20%        N/A       13%         3
 Passwall                 Tmut/Erth      7%         N/A       16%         2
 Iskenderun's Mystic Bla  Conj/Tloc      23%        2d6       32%         4
 Cause Fear               Hex            4%         N/A       71%         4
 Manifold Assault         Tloc           9%         N/A       71%         4
 Arcjolt                  Conj/Air       17%        1d27      34%         5
 Starburst                Conj/Fire      19%        6d7       80%         6
 Storm Form               Tmut/Air       10%        N/A       100%        7
 Discord                  Hex            4%         N/A       100%        8
 Chain Lightning          Conj/Air       17%        3d23      100%        9
 Fire Storm               Conj/Fire      19%        8d5       100%        9
 Shatter                  Erth           4%         3d8*      100%        9


Dungeon Overview and Level Annotations

Branches:
Dungeon (7/15)             Temple (1/1) D:6

Altars:
Ashenzari
Cheibriados
Dithmenos
Elyvilon
Fedhas
Gozag
Hepliaklqana
Kikubaaqudgha
Nemelex Xobeh
Okawaru
Qazlal
Ru
Sif Muna
Trog
Uskayaw
Vehumet
Wu Jian
Yredelemnul
The Shining One

Shops:
D:3 :!::

Annotations:
D:7 2 runed translucent doors


Message History

The hog is heavily wounded.
Casting: Scorch (safe; 1% risk of failure)
Confirm with . or Enter, or press ? or * to list all spells.
Flames lash the hog.
The hog is moderately wounded.
The hog's fire resistance burns away.
The human closely misses you. The hog misses you.
Casting: Scorch (safe; 1% risk of failure)
Confirm with . or Enter, or press ? or * to list all spells.
You conjure some foxfire!
The hog misses you. The human hits you with a +0 hand axe!
The hog attacks as you move away! The hog closely misses you.
The foxfire hits the hog.
The hog is lightly wounded.
The foxfire hits the hog!
The hog is heavily wounded.
Casting: Foxfire (safe; 1% risk of failure)
Confirm with . or Enter, or press ? or * to list all spells.
Aiming: Inner Flame (dangerous; 9% risk of failure)
Press: ? - help, Dir - move target, f - hog
Aim: a hog (heavily wounded, more vulnerable to fire, chance to affect: 80%)
The hog is filled with an inner flame.
The human is no longer more vulnerable to fire.
The hog bites you but does no damage.
Casting: Inner Flame (dangerous; 9% risk of failure)
Confirm with . or Enter, or press ? or * to list all spells.
You conjure some foxfire!
The hog is no longer more vulnerable to fire.
The hog barely misses you. The hog bites you. The hog bites you!
The foxfire hits the hog.
The hog is heavily wounded.
The foxfire hits the hog!
The hog is burned terribly!
Flame seeps out of the hog.
The hog is severely wounded.
The hog closely misses you.
The hog is engulfed in blazing flames.
Vehumet accepts your kill.
The hog explodes!
The fiery explosion engulfs you!!!
Ouch! That really hurt!
You die...

..## #.. ..... ... .....
#.. ....#. #.#######
....... #.#.....# #
###.......##.#.....#
#{#.#...........§###'###
.#...†<.........§○#h....#
................@§hp....#
.>...#...........h#######
..####...............#
..##.##.............##
.....................#
#..............###..##
##.).......<.......##
#........#.......##.#
..##....##..#.......#


You could see 3 hogs and a human.

Vanquished Creatures
  Joseph (D:7)
  A hog (D:7)
  An acid dragon (D:7)
  A water moccasin (D:4)
  2 orc warriors (D:6)
  An ice beast (D:7)
  A sky beast (D:7)
  3 black bears
  2 ogres
  4 centaurs
  A phantom (D:4)
  A necrophage (D:6)
  5 scorpions
  9 killer bees
  A jelly (D:7)
  2 gnoll boudas
  2 orc priests (D:6)
  2 hounds
  Terence (D:2)
  2 iguanas
  Natasha (thrice) (D:2)
  3 orc wizards
  12 gnolls
  5 adders
  A shadow imp (D:7)
  3 white imps
  2 ufetubi
  2 dart slugs
  15 orcs
  8 bats
  6 endoplasms
  6 giant cockroaches
  5 goblins
  9 hobgoblins
  2 quokkas
  6 ball pythons
  3 frilled lizards
  6 kobolds
  4 rats
144 creatures vanquished.

Vanquished Creatures (others)
  182 foxfires
182 creatures vanquished.

Grand Total: 326 creatures vanquished

Notes
Turn   | Place    | Note
-------+----------+-------------------------------------------
     0 | D:1      | wormed the Deep Elf Fire Elementalist began the quest for
                  | the Orb.
     0 | D:1      | Reached XP level 1. HP: 10/10 MP: 6/6
   121 | D:1      | Found a hide-covered altar of Uskayaw.
   135 | D:1      | Reached XP level 2. HP: 15/15 MP: 2/8
   227 | D:1      | Learned a level 2 spell: Scorch
   970 | D:1      | Identified a scroll of acquirement
   970 | D:1      | Acquired 991 gold pieces
  1052 | D:2      | Noticed Natasha
  1058 | D:2      | Killed Natasha
  1059 | D:2      | Reached XP level 3. HP: 15/20 MP: 4/9
  1150 | D:2      | Noticed Terence
  1151 | D:2      | Found a shimmering blue altar of Sif Muna.
  1183 | D:2      | Killed Terence
  1184 | D:2      | Reached skill level 1 in Fighting
  1184 | D:2      | Reached XP level 4. HP: 25/25 MP: 0/11
  1434 | D:2      | Noticed Natasha
  1529 | D:2      | Killed Natasha
  1890 | D:2      | Noticed Natasha
  1894 | D:2      | Killed Natasha
  1895 | D:2      | Reached XP level 5. HP: 29/29 MP: 6/12
  2012 | D:2      | Learned a level 3 spell: Inner Flame
  2050 | D:3      | Found Danocun's Book Shop.
  2054 | D:3      | Bought a Trismegistus Codex for 392 gold pieces
  2054 | D:3      | Bought a book of Lightning for 532 gold pieces
  2060 | D:3      | Learned a level 5 spell: Freezing Cloud
  2159 | D:3      | Found Gufili's Distillery.
  2403 | D:3      | Found Saxkiq's Book Shoppe.
  2687 | D:3      | Found Enuscha's Book Emporium.
  3237 | D:4      | Reached skill level 1 in Air Magic
  3237 | D:4      | Reached XP level 6. HP: 34/34 MP: 5/14
  3547 | D:4      | Noticed a water moccasin
  3554 | D:4      | Killed a water moccasin
  4047 | D:5      | Entered Level 5 of the Dungeon
  4109 | D:5      | Reached XP level 7. HP: 27/40 MP: 7/16
  4246 | D:5      | Reached skill level 5 in Spellcasting
  4512 | D:5      | Found an opulent altar of Gozag.
  4514 | D:5      | Found an opulent altar of Gozag.
  4519 | D:5      | Found an opulent altar of Gozag.
  4542 | D:5      | Found an opulent altar of Gozag.
  4629 | D:5      | Reached skill level 5 in Stealth
  4756 | D:5      | Reached skill level 5 in Fire Magic
  5018 | D:5      | Reached XP level 8. HP: 27/45 MP: 11/18
  5175 | D:5      | Learned a level 5 spell: Lightning Bolt
  5372 | D:6      | Reached skill level 5 in Dodging
  5795 | D:6      | Found a staircase to the Ecumenical Temple.
  5802 | Temple   | Entered the Ecumenical Temple
  5925 | Temple   | Became a worshipper of Vehumet
  6890 | D:7      | Reached XP level 9. HP: 51/51 MP: 13/20
  6995 | D:7      | Reached skill level 5 in Conjurations
  7178 | D:7      | Found a large runed translucent door.
  7178 | D:7      | Found a large runed translucent door.
  7181 | D:7      | Noticed a troll
  7181 | D:7      | Noticed a kobold demonologist
  7203 | D:7      | Reached * piety under Vehumet
  7203 | D:7      | Offered knowledge of Shock by Vehumet.
  7209 | D:7      | Noticed a gargoyle
  7417 | D:7      | Noticed Joseph
  7901 | D:7      | Killed Joseph
  7911 | D:7      | Learned a level 2 spell: Blink
  8054 | D:7      | Killed by an exploding hog... ignited by their inner flame

Illustrated notes

Levels and vault maps discovered:
D:1:      dpeg_arrival_boxes_within_box, layout_basic, hangedman_decor_push,
          minmay_hexomino_r4
D:2:      kennysheep_six_static_rooms, layout_rooms, basic_altar, uniq_terence,
          uniq_natasha
D:3:      layout_basic, serial_shops, nicolae_shop_crystal, nicolae_shop_stone,
          shop, nicolae_lakefront_shop
D:4:      layout_gridville
D:5:      layout_gridville, nicolae_gozag_conspicuous_consumption
D:6:      layout_loops_cross, minmay_temple_entry_gardened_gates
D:7:      minmay_the_grid_triangle_9x9_recursive_2
          [minmay_the_grid_triangle_9x9_prize_center,
          minmay_the_grid_triangle_9x9_corruption,
          minmay_the_grid_triangle_9x9_tough_junction,
          minmay_the_grid_triangle_9x9_minimal], layout_cave_pools,
          grunt_livestock, nicolae_inconvenience_store,
          minmay_hollow_rounded_squares, uniq_joseph
Temple:   nicolae_temple_bog_church

Skill      XL: |  1  2  3  4  5  6  7  8  9 |
---------------+----------------------------+-----
Dodging        | 3 4 5 6 |  6.6
Stealth        | 3 4 5 6 7 |  7.2
Fighting       | 1 2 3 4 |  4.0
Conjurations   | 2 3 4 5 |  5.6
Spellcasting   | 4 5 6 7 |  7.4
Fire Magic     | 4 5 6 |  6.5
Air Magic      | 1 2 3 4 |  4.7

Action                     |  1- 3 |  4- 6 |  7- 9 || total
---------------------------+-------+-------+-------++-------
  Melee: Unarmed           |     1 |     1 |       ||     2
         Short sword       |       |       |     2 ||     2
         Dagger            |       |       |     3 ||     3
   Cast: Foxfire           |    13 |    26 |    64 ||   103
         Scorch            |    16 |    60 |   103 ||   179
         Inner Flame       |       |       |    11 ||    11
  Evoke: Wand              |       |       |    22 ||    22
    Use: Scroll            |     4 |     4 |     2 ||    10
         Potion            |       |       |     4 ||     4
 Armour: Robe              |     2 |       |       ||     2
         Leather armour    |     3 |    10 |    65 ||    78
  Dodge: Dodged            |    14 |    18 |   106 ||   138

Table legend: (Time is in decaauts)
 A = Elapsed time spent in this place.
 B = Non-inter-level travel time spent in this place.
 C = Inter-level travel time spent in this place.
 D = Time resting spent in this place.
 E = Time spent auto-exploring this place.
 F = Levels seen in this place.
 G = Mean time per level.
                   A        B        C        D        E       F      G
               +--------+--------+--------+--------+--------+-----+--------+
         Total |   8075 |   7463 |    612 |      0 |   6362 |   8 | 1009.4 |
       Dungeon |   7936 |   7351 |    585 |      0 |   6266 |   7 | 1133.7 |
        Temple |    139 |    112 |     27 |      0 |     96 |   1 |  139.0 |
               +--------+--------+--------+--------+--------+-----+--------+

Top non-repeatable levels by time:
     D:6: 1933 daAuts
     D:5: 1352 daAuts
     D:1: 1089 daAuts
     D:2: 999 daAuts
     D:3: 991 daAuts
     D:4: 975 daAuts
     D:7: 594 daAuts
  Temple: 139 daAuts
